 Dungeon Crawl Stone Soup version 0.21.1-1-g345015fe64 (webtiles) character file.

191 Revguard the Magician (level 5, 0/28 HPs)
             Began as a Deep Elf Fire Elementalist on June 17, 2018.
             Succumbed to a worker ant's poison
             ... on level 4 of the Dungeon.
             The game lasted 00:19:48 (2033 turns).

Revguard the Magician (Deep Elf Fire Elementalist)  Turns: 2033, Time: 00:19:50

Health: 0/28       AC: 10    Str: 14    XL:     5   Next: 41%
Magic:  1/13       EV: 13    Int: 21    God:
Gold:   136        SH:  0    Dex: 15    Spells: 2/12 levels left

rFire    + . .     SeeInvis .   i - +1 dagger (protect)
rCold    + . .     Gourm    .   (no shield)
rNeg     . . .     Faith    .   a - +0 robe
rPois    .         Spirit   .   (no helmet)
rElec    .         Reflect  .   j - scarf {rC+ rF+}
rCorr    .         Harm     .   (no gloves)
MR       +....                  l - +0 pair of boots
Stlth    +++.......             (no amulet)
HPRegen  0.09/turn              h - ring of protection from magic
MPRegen  0.13/turn              e - +4 ring of strength

@: mighty, lethally poisoned (0 -> -13), protection aura, very slightly
contaminated
A: no striking features
a: no special abilities


You were on level 4 of the Dungeon.
You were hungry.

You visited 1 branch of the dungeon, and saw 4 of its levels.

You collected 136 gold pieces.

Inventory:

Hand Weapons
 f - a +0 dagger
 i - a +1 dagger of protection (weapon)
Armour
 a - a +0 robe (worn)
 j - a scarf of resistance (worn)
 l - a +0 pair of boots (worn)
Jewellery
 e - a +4 ring of strength (right hand)
 h - a ring of protection from magic (left hand)
Scrolls
 g - a scroll of immolation
Books
 b - a book of Flames

   Spells                             Type                      Level
   a - Flame Tongue                   Conjuration/Fire             1
   b - Throw Flame                    Conjuration/Fire             2
   c - Conjure Flame                  Conjuration/Fire             3
   d - Inner Flame                    Hexes/Fire                   3
   e - Sticky Flame                   Conjuration/Fire             4
   f - Fireball                       Conjuration/Fire             5
Comestibles
 c - 6 rations


   Skills:
 * Level 1.5 Short Blades
 + Level 3.1 Dodging
 * Level 4.0 Stealth
 + Level 4.4 Spellcasting
 + Level 2.0 Conjurations
 * Level 1.0 Hexes
 + Level 4.2 Fire Magic


You had 2 spell levels left.
You knew the following spells:

 Your Spells              Type           Power        Failure   Level  Hunger
a - Flame Tongue          Conj/Fire      ###..        3%          1    None
b - Throw Flame           Conj/Fire      ###...       4%          2    #......
c - Sticky Flame          Conj/Fire      ###.....     30%         4    ####...
d - Inner Flame           Hex/Fire       ###.....     12%         3    ##.....


Dungeon Overview and Level Annotations

Branches:
Dungeon (3/15)

Altars:
Qazlal


Message History

You are more poisoned.
The worker ant poisons you!
* * * LOW HITPOINT WARNING * * *
You feel sick.
An iguana comes into view.
* * * LOW HITPOINT WARNING * * *
You feel sick.
* * * LOW HITPOINT WARNING * * *
You feel sick. The worker ant barely misses you.
You barely miss the worker ant.
The worker ant is almost dead.
* * * LOW HITPOINT WARNING * * *
You feel sick. The worker ant closely misses you.
You hit the worker ant.
Your weapon exudes an aura of protection.
You kill the worker ant!
Your Stealth skill increases to level 4!
Your Conjurations skill increases to level 2!
Your Hexes skill increases to level 1!
You die...

#.# #O#
#.# #.#
#.# #.#
#.#
#.#####
#.#
#....(#
#.#
#####.#
#.# #O#
... #.#
.....
#@#
#......
#l#
#....O##
#.#
.#...##
#.#
.##....
... #..
###


You could see an ogre and an iguana.

Vanquished Creatures
  An orc priest (D:3)
  An orc wizard (D:3)
  A worker ant (D:4)
  4 adders
  6 dart slugs
  3 orcs (D:3)
  7 bats
  4 giant cockroaches
  11 goblins
  4 hobgoblins
  4 jackals
  7 kobolds
  3 frilled lizards
  A leopard gecko skeleton (D:4)
  6 rats
63 creatures vanquished.

Notes
Turn   | Place    | Note
-------+----------+-------------------------------------------
     0 | D:1      | Revguard the Deep Elf Fire Elementalist began the quest for the Orb.
     0 | D:1      | Reached XP level 1. HP: 10/10 MP: 6/6
   129 | D:1      | Reached XP level 2. HP: 14/15 MP: 4/8
   215 | D:1      | Learned a level 2 spell: Throw Flame
   859 | D:2      | Reached XP level 3. HP: 14/19 MP: 8/10
  1368 | D:3      | Reached XP level 4. HP: 7/24 MP: 3/12
  1377 | D:3      | Reached skill level 1 in Short Blades
  1418 | D:3      | Learned a level 4 spell: Sticky Flame
  1422 | D:3      | Learned a level 3 spell: Inner Flame
  1544 | D:3      | Reached XP level 5. HP: 28/28 MP: 0/13
  1585 | D:3      | Found a stormy altar of Qazlal.
  1953 | D:3      | You fall through a shaft!
  1985 | D:4      | Noticed an ogre
  2031 | D:4      | HP: 1/28 [poisoned by a worker ant]
  2033 | D:4      | Reached skill level 1 in Hexes
  2033 | D:4      | Succumbed to a worker ant's poison

Skill      XL: |  1  2  3  4  5 |
---------------+----------------+-----
Stealth        | 3 4 |  4.0
Dodging        | 3 |  3.1
Spellcasting   | 4 |  4.4
Fire Magic     | 4 |  4.2
Short Blades   | 1 |  1.5
Conjurations   | 2 |  2.0
Hexes          | 1 |  1.0

Action                   |  1- 3 |  4- 6 || total
-------------------------+-------+-------++-------
Melee: Unarmed           |     2 |       ||     2
       Dagger            |    52 |    29 ||    81
 Cast: Flame Tongue      |    38 |    18 ||    56
       Throw Flame       |    13 |    16 ||    29
       Inner Flame       |       |     4 ||     4
       Sticky Flame      |       |     2 ||     2
  Use: Scroll            |     4 |     2 ||     6
       Potion            |       |     3 ||     3
 Stab: Sleeping          |     2 |       ||     2
  Eat: Chunk             |     2 |     2 ||     4
Armor: Robe              |    17 |     9 ||    26
Dodge: Dodged            |    41 |    37 ||    78
